 Dungeon Crawl Stone Soup version 0.30-b1-2-g02819fbbbe (webtiles) character file.

Game seed: 11771376350315437829

31 Fartwhistle the Skirmisher (level 3, -3/31 HPs)
             Began as a Gnoll Hunter on Sept 13, 2023.
             Slain by Sigmund
             ... wielding a +0 scythe
              (17 damage)
             ... on level 2 of the Dungeon.
             The game lasted 00:01:41 (1096 turns).

Fartwhistle the Skirmisher (Gnoll Hunter)           Turns: 1096, Time: 00:01:42

Health: -3/31      AC:  5    Str: 10    XL:     3   Next: 22%
Magic:  4/4        EV: 11    Int: 10    God:
Gold:   92         SH:  0    Dex: 15    Spells: 3/3 levels left

rFire   . . .        a - +0 shortbow
rCold   . . .        (shield currently unavailable)
rNeg    . . .        e - +0 ring mail
rPois   .            (no helmet)
rElec   .            (no cloak)
rCorr   .            (no gloves)
SInv    .            (no boots)
Will    .....        (no amulet)
Stlth   +            (no ring)
HPRegen 0.25/turn    (no ring)
MPRegen 0.09/turn

%: no passive effects
@: no status effects
A: fangs 1, strong nose, distributed training
a: no special abilities


You were on level 2 of the Dungeon.
You visited 1 branch of the dungeon, and saw 2 of its levels.

You collected 92 gold pieces.

Inventory:

Hand Weapons
 a - a +0 shortbow (weapon)
Armour
 c - a +0 leather armour
 e - a +0 ring mail (worn)
Jewellery
 j - a ring of ice
 m - an amulet of regeneration
Scrolls
 b - a scroll of immolation
 f - a scroll of vulnerability {unknown}
 h - a scroll of identify {unknown}
 i - 2 scrolls of magic mapping {unknown}
Potions
 d - 4 potions of might {unknown}
 g - a potion of invisibility {unknown}
 l - a potion of flight {unknown}
 n - a potion of brilliance {unknown}
 o - 2 potions of curing {unknown}
 p - a potion of heal wounds {unknown}


   Skills:
 + Level 4.5 Fighting
 + Level 0.7 Short Blades
 + Level 0.7 Long Blades
 + Level 0.7 Axes
 + Level 0.7 Maces & Flails
 + Level 0.7 Polearms
 + Level 0.7 Staves
 + Level 8.5 Ranged Weapons
 + Level 0.7 Throwing
 + Level 0.7 Armour
 + Level 4.5 Dodging
 + Level 2.3 Stealth
 + Level 0.7 Shields
 + Level 0.7 Unarmed Combat
 + Level 0.7 Spellcasting
 + Level 0.5 Conjurations
 + Level 0.5 Hexes
 + Level 0.5 Summonings
 + Level 0.5 Necromancy
 + Level 0.5 Translocations
 + Level 0.5 Transmutations
 + Level 0.5 Fire Magic
 + Level 0.5 Ice Magic
 + Level 0.5 Air Magic
 + Level 0.5 Earth Magic
 + Level 0.5 Poison Magic
 + Level 0.9 Invocations
 + Level 0.7 Evocations


You had 3 spell levels left.
You didn't know any spells.
Your spell library was empty.

Dungeon Overview and Level Annotations

Branches:
Dungeon (2/15)

Altars:

Annotations:
D:2 Sigmund


Innate Abilities, Weirdness & Mutations

You have very sharp teeth.
Your uncanny sense of smell can sniff out nearby items.
Your experience applies equally to all skills.


Message History

The ball python hisses angrily.
You shoot an arrow. The arrow hits the ball python!
You kill the ball python!
No target in view!
Sigmund is nearby!
You shoot an arrow. The arrow hits Sigmund.
Sigmund is lightly wounded.
You shoot an arrow. The arrow hits Sigmund.
Sigmund is moderately wounded.
Throw: 2 darts (datura)
Press: ? - help, Shift-Dir - straight line, f/p - Sigmund
Aim: Sigmund, wielding a +0 scythe and wearing a +0 robe (moderately wounded, 57% to hit, chance to frenzy on hit: 83%)
You throw a datura-tipped dart.
The datura-tipped dart closely misses Sigmund.
Throw: dart (datura)
Press: ? - help, Shift-Dir - straight line, f/p - Sigmund
Aim: Sigmund, wielding a +0 scythe and wearing a +0 robe (moderately wounded, 57% to hit, chance to frenzy on hit: 83%)
You throw a datura-tipped dart. The datura-tipped dart hits Sigmund.
Sigmund flies into a frenzy!
Sigmund is moderately wounded.
Sigmund barely misses you.
You shoot an arrow. The arrow hits Sigmund!
Sigmund is heavily wounded.
Sigmund barely misses you.
You shoot an arrow. The arrow hits Sigmund.
Sigmund is severely wounded.
Sigmund barely misses you.
You shoot an arrow. The arrow hits Sigmund.
Sigmund is almost dead.
Sigmund hits you from afar with a +0 scythe!
Ouch! That really hurt!
Sigmund hits you but does no damage.
You are too injured to fight recklessly!
Fire: a) +0 shortbow
Press: ? - help, Q - select action Shift-Dir - straight line, f/p - Sigmund
Aim: Sigmund, wielding a +0 scythe and wearing a +0 robe (almost dead, fast, strong, frenzied and insane, 62% to hit)
You shoot an arrow. The arrow closely misses Sigmund.
Sigmund hits you from afar with a +0 scythe!
Ouch! That really hurt!
You die...

#.#.## #.##.##.######†# #...#
#....#####.##...........# #.###
###..#......)....######.# #.#
#..#.###.####..# #.# #.#
##..#.# #.......# #.# #.#
#...#.# ######..## #.# #.#
#.....##.# #...# #.# #.#
#...###.#.#####..# #.# #>#
#...##.###...@...# #.###.###
#.......#........# #........
###........###@###.# #####.###
#.......<÷..###(# #.# #.#
#..........#..#.# #.# ##.#
#........r#.#.#.###.# #..#
#.##.>.###.......##.########.##
#. #...# #.#..#..##.#........#
# #...# #.#.[#..##.#.######.#


You could see the neutral Sigmund (fast, strong, insane).

Vanquished Creatures
  An adder (D:2)
  An endoplasm (D:2)
  3 giant cockroaches (D:2)
  2 hobgoblins (D:1)
  A quokka (D:2)
  3 ball pythons
  2 bats (D:2)
  3 goblins (D:2)
  4 kobolds
  2 rats (D:1)
22 creatures vanquished.

Notes
Turn   | Place    | Note
-------+----------+-------------------------------------------
     0 | D:1      | Fartwhistle the Gnoll Hunter began the quest for the Orb.
     0 | D:1      | Reached XP level 1. HP: 20/20 MP: 1/1
   608 | D:2      | Reached XP level 2. HP: 26/26 MP: 2/2
   713 | D:2      | Reached XP level 3. HP: 31/31 MP: 3/3
   714 | D:2      | Noticed Sigmund
  1096 | D:2      | Slain by Sigmund

Illustrated notes

Levels and vault maps discovered:
D:1:      dpeg_arrival_renting, layout_basic, nicolae_figureground_sparkle
D:2:      layout_loops_ring, uniq_sigmund

Action                     || total
---------------------------++-------
   Fire: Shortbow          ||    58
  Throw: Dart              ||     2
 Armour: Ring mail         ||    10
  Dodge: Dodged            ||    14
